 Dungeon Crawl Stone Soup version 0.30-a0-722-g3e6e8c874d (webtiles) character file.

Game seed: 13506751039272684046

2335 Shayle the Covert (level 9, -2/55 HPs)
             Began as a Tengu Brigand on Jan 27, 2023.
             Was an Initiate of Hepliaklqana.
             Slain by an orc warrior
             ... wielding a +0 battleaxe
              (18 damage)
             ... in a bailey.
             The game lasted 00:26:59 (6397 turns).

Shayle the Covert (Tengu Brigand)                   Turns: 6397, Time: 00:26:59

Health: -2/55      AC:  5    Str: 17    XL:     9   Next: 42%
Magic:  11/12      EV: 14    Int: 23    God:    Hepliaklqana [......]
Gold:   169        SH:  0    Dex: 15    Spells: 6/8 levels left

rFire   . . .      SeeInvis .    x - +2 spear (venom)
rCold   . . .      Faith    .    (no shield)
rNeg    . . .      Spirit   .    b - +0 robe
rPois   .          Reflect  .    (helmet restricted)
rElec   .          Harm     .    s - +2 cloak
rCorr   .          Rampage  .    (no gloves)
Will    .....                    (boots unavailable)
Stlth   ++++                     (no amulet)
HPRegen 0.29/turn                y - +6 ring of strength
MPRegen 0.13/turn                h - +6 ring of intelligence

@: flying quickly and evasively, studying Short Blades, quick
A: beak, talons 3, nimble flight
a: Renounce Religion


You were in a bailey.
You worshipped Hepliaklqana.
Hepliaklqana was noncommittal.
You visited 2 branches of the dungeon, and saw 8 of its levels.
You also visited: Sewer and Bailey.

You collected 345 gold pieces.
You spent 176 gold pieces at shops.

Inventory:

Hand Weapons
 a - a +3 dagger
 x - a +2 spear of venom (weapon)
Missiles
 d - 18 poisoned darts (quivered)
 e - a curare-tipped dart
 l - 4 boomerangs
 o - 2 silver boomerangs
Armour
 b - a +0 robe (worn)
 c - a +0 cloak
 s - a +2 cloak (worn)
 v - a +0 kite shield
Jewellery
 h - a +6 ring of intelligence (right hand)
 y - a +6 ring of strength (left hand)
Scrolls
 i - 3 scrolls of magic mapping
 t - 2 scrolls of amnesia
 w - 2 scrolls of fog
 z - a scroll of immolation
 A - a scroll of teleportation
 B - a scroll of noise
 C - a scroll of poison
Potions
 f - 2 potions of berserk rage {unknown}
 g - 3 potions of flight
 j - a potion of curing
 k - 2 potions of mutation {unknown}
 m - 2 potions of cancellation {unknown}
 n - 3 potions of attraction {unknown}
 p - a potion of resistance {unknown}
 q - 3 potions of heal wounds {unknown}
 r - 2 potions of brilliance {unknown}
 u - a potion of degeneration {unknown}
 D - a potion of ambrosia {unknown}


   Skills:
 + Level 6.2 Fighting
 + Level 7.0 Short Blades
 - Level 2.0 Throwing
 - Level 1.1 Dodging
 * Level 10.1 Stealth
 + Level 2.8 Invocations


You had 6 spell levels left.
You knew the following spells:

 Your Spells              Type           Power      Damage    Failure   Level
a - Blink                 Tloc           0%         N/A       24%         2

Your spell library contained the following spells:

 Spells                   Type           Power      Damage    Failure   Level
 Lesser Beckoning         Tloc           0%         N/A       24%         2
 Momentum Strike          Conj/Tloc      0%         3d8       24%         2
 Inner Flame              Hex/Fire       0%         N/A       43%         3
 Cause Fear               Hex            0%         N/A       83%         4
 Manifold Assault         Tloc           0%         N/A       83%         4
 Storm Form               Tmut/Air       0%         N/A       100%        7
 Discord                  Hex            0%         N/A       100%        8


Dungeon Overview and Level Annotations

Branches:
Dungeon (7/15)             Temple (1/1) D:5           Sewer (visited)
 Bailey (1/1)

Altars:
Cheibriados
Elyvilon
Fedhas
Gozag
Hepliaklqana
Kikubaaqudgha
Makhleb
Okawaru
Qazlal
Ru
Sif Muna
Trog
Uskayaw
Vehumet
Wu Jian
Xom
Yredelemnul
Zin
The Shining One

Shops:
D:5 ?


Innate Abilities, Weirdness & Mutations

You have a beak for a mouth.
You have claws for feet.
Your magical nature lets you fly swiftly and evasively.


Message History

You closely miss the kobold demonologist.
The kobold demonologist is lightly wounded.
The orc warrior hits you with a +0 battleaxe!
The kobold demonologist hits you but does no damage.
The orc warrior closely misses you.
You hit the kobold demonologist but do no damage.
The kobold demonologist is poisoned.
Your kick misses the kobold demonologist.
The kobold demonologist is lightly wounded.
The kobold demonologist barely misses you.
The orc warrior barely misses you.
You hit the kobold demonologist but do no damage.
The kobold demonologist looks as sick as possible!
Your kick misses the kobold demonologist.
The kobold demonologist is moderately wounded.
The kobold demonologist misses you.
The orc warrior hits you with a +0 battleaxe.
There is an open door here.
You hit the kobold demonologist.
Your kick misses the kobold demonologist.
The kobold demonologist is heavily wounded.
The kobold demonologist hits you with a +0 war axe!
* * * LOW HITPOINT WARNING * * *
You barely miss the kobold demonologist.
You claw the kobold demonologist!
The kobold demonologist is severely wounded.
The kobold demonologist misses you.
Okay, then.
You hit the kobold demonologist but do no damage.
The kobold demonologist looks as sick as possible!
Your kick misses the kobold demonologist.
You peck the kobold demonologist.
The kobold demonologist is almost dead.
You kill the kobold demonologist!
Your Short Blades skill increases to level 7!
Your Stealth skill increases to level 10!
You closely miss the orc warrior.
You peck the orc warrior, but do no damage.
The orc warrior hits you with a +0 battleaxe!!
You die...

≈≈≈≈≈≈≈≈~.# ############# #.~≈≈
≈≈≈≈≈≈≈≈~.# #...........# #.~≈≈
≈≈≈≈≈≈≈≈~.# #....)......# #.~≈≈
≈≈≈≈≈≈≈≈~.# #....._.....# #.~≈≈
≈≈≈≈≈≈≈≈~.# #...........#+##.~≈≈
≈≈≈≈≈≈≈≈).# #'####'####+#..#.~≈≈
≈≈≈≈≈≈≈≈~)# #[[.#...# ))#..#.~≈≈
≈≈≈≈≈≈≈≈~.# #[[.#...# )#..#.~≈≈
≈≈≈≈≈≈≈≈~.# ###@#8.8# #..#.~≈≈
≈≈≈≈≈≈≈≈).# #.o.#...# #..#.~≈≈
≈≈≈≈≈≈≈≈#'#+##'###8.8# #+##)#'#≈≈
≈≈≈≈≈≈≈≈#....#!!.#...# ..#....#≈≈
≈≈≈≈≈≈≈≈#....#??o#...#...#....#≈≈
≈≈≈≈≈≈≈≈###..######.######..###≈≈
≈≈≈≈≈≈≈≈#.'........∩........'.# ≈
≈≈≈≈≈≈≈≈######~~~~~)~~~~~######
≈≈≈≈≈≈≈≈≈≈≈≈≈≈≈≈≈≈≈≈≈≈≈≈≈≈≈


You could see an orc warrior.

Vanquished Creatures
  2 kobold demonologists (Bailey)
  Pargi (Sewer)
  2 black bears (D:4)
  6 orc warriors (Bailey)
  A phantom (D:4)
  A bullfrog (D:5)
  A gnoll sergeant (D:4)
  A scorpion (D:4)
  A necrophage (D:4)
  2 electric eels (Bailey)
  A gnoll bouda (D:4)
  An orc priest (D:6)
  3 hounds
  Jessica (D:3)
  Terence (D:3)
  An iguana (D:5)
  An orc wizard (D:5)
  16 gnolls
  8 adders
  2 white imps
  An ufetubus (D:5)
  4 worms
  A dart slug (D:4)
  15 orcs
  12 endoplasms
  3 giant cockroaches (D:1)
  4 goblins
  13 hobgoblins
  4 jackals (D:1)
  3 kobolds
  2 quokkas (D:4)
  9 ball pythons
  6 bats
  8 frilled lizards
  4 rats
142 creatures vanquished.

Vanquished Creatures (others)
  16 plants (D:4)
16 creatures vanquished.

Grand Total: 158 creatures vanquished

Notes
Turn   | Place    | Note
-------+----------+-------------------------------------------
     0 | D:1      | Shayle the Tengu Brigand began the quest for the Orb.
     0 | D:1      | Reached XP level 1. HP: 12/12 MP: 2/2
   277 | D:1      | Reached XP level 2. HP: 17/17 MP: 3/3
   483 | D:1      | Found a faded altar of an unknown god.
   817 | D:2      | You fall into a shaft and drop 2 floors!
   887 | D:4      | Reached XP level 3. HP: 11/22 MP: 4/4
   950 | D:4      | Found a glowing drain.
   960 | Sewer    | Entered a sewer
  1030 | Sewer    | Noticed Pargi
  1043 | Sewer    | Killed Pargi
  1044 | Sewer    | Reached skill level 5 in Stealth
  1044 | Sewer    | Reached XP level 4. HP: 13/28 MP: 5/5
  1044 | Sewer    | Gained mutation: Your magical nature lets you fly swiftly
                  | and evasively. [Tengu growth]
  1044 | Sewer    | Reached XP level 5. HP: 15/32 MP: 6/6
  1388 | D:3      | Noticed Jessica
  1393 | D:3      | Killed Jessica
  1705 | D:3      | Reached skill level 6 in Stealth
  1837 | D:2      | Reached XP level 6. HP: 36/37 MP: 7/7
  2407 | D:3      | Noticed Terence
  2423 | D:3      | Killed Terence
  3380 | D:4      | Reached XP level 7. HP: 43/43 MP: 8/8
  3607 | D:4      | Reached skill level 7 in Stealth
  3851 | D:4      | Reached skill level 5 in Short Blades
  4150 | D:4      | Reached XP level 8. HP: 48/48 MP: 9/9
  4207 | D:5      | Entered Level 5 of the Dungeon
  4293 | D:4      | Reached skill level 8 in Stealth
  4637 | D:5      | Reached skill level 5 in Fighting
  4725 | D:5      | Found Mezxashui's Magic Scroll Emporium.
  4733 | D:5      | Bought a scroll of fog for 44 gold pieces
  4733 | D:5      | Bought a scroll of immolation for 44 gold pieces
  4733 | D:5      | Bought a scroll of teleportation for 33 gold pieces
  4733 | D:5      | Bought a scroll of noise for 11 gold pieces
  4733 | D:5      | Bought a scroll of poison for 44 gold pieces
  4942 | D:5      | Found a staircase to the Ecumenical Temple.
  4949 | Temple   | Entered the Ecumenical Temple
  5064 | Temple   | Became a worshipper of Hepliaklqana the Forgotten
  5226 | D:5      | Found an ornate altar of the Wu Jian Council.
  5614 | D:7      | Found a burning altar of Makhleb.
  5633 | D:7      | Found a flagged portal.
  5718 | Bailey   | Entered a bailey
  5787 | Bailey   | Learned a level 2 spell: Blink
  6193 | Bailey   | Reached skill level 1 in Invocations
  6196 | Bailey   | Reached skill level 9 in Stealth
  6249 | Bailey   | Noticed a kobold demonologist
  6263 | Bailey   | Reached XP level 9. HP: 55/55 MP: 11/11
  6275 | Bailey   | Noticed a sixfirhy
  6278 | Bailey   | Killed a kobold demonologist
  6300 | Bailey   | Acquired a manual of Short Blades
  6368 | Bailey   | Found an iron altar of Okawaru.
  6385 | Bailey   | Noticed a kobold demonologist
  6396 | Bailey   | Killed a kobold demonologist
  6397 | Bailey   | Reached skill level 10 in Stealth
  6397 | Bailey   | Slain by an orc warrior

Illustrated notes

Levels and vault maps discovered:
D:1:      scummos_arrival_checkerplants, layout_basic, basic_ecumenical_altar
D:2:      layout_loops_ring, chequers_serial_rivers_micro_c, minmay_vboxes
D:3:      minmay_razor_zed, layout_basic, uniq_jessica, uniq_terence
D:4:      layout_basic, serial_curves, eino_curves_02, eino_curves_03,
          eino_curves_04, eino_curves_03, portal_sewer_entry_d,
          chequers_big_river
D:5:      layout_loops_ring, nicolae_wu_jian_immortal_techniques,
          minmay_temple_entry_overgrown, serial_shops, shop
D:6:      layout_gridville
D:7:      gammafunk_the_bubble [the_bubble_gammafunk_crates], layout_loops_ring,
          bloody_makhleb, enter_bailey_4, nicolae_figureground_sparkle,
          uniq_pikel
Temple:   minmay_temple_bridge_d
Bailey:   bailey_axe_of_yendor_kennysheep, bailey

Skill      XL: |  1  2  3  4  5  6  7  8  9 |
---------------+----------------------------+-----
Fighting       | 3 4 5 6 |  6.2
Short Blades   | 3 4 5 6 7 |  7.0
Stealth        | 5 6 7 9 10 | 10.1
Invocations    | 1 2 |  2.8
Throwing       | |  2.0
Dodging        | |  1.1

Action                     |  1- 3 |  4- 6 |  7- 9 || total
---------------------------+-------+-------+-------++-------
  Melee: Dagger            |    66 |    99 |       ||   165
         Kick              |    13 |    34 |    51 ||    98
         Peck              |     7 |    15 |    32 ||    54
         Spear             |       |    12 |   201 ||   213
         Punch             |       |       |     2 ||     2
  Throw: Dart              |     3 |     3 |    16 ||    22
    Use: Scroll            |       |     7 |     2 ||     9
         Potion            |       |     1 |     3 ||     4
   Stab: Sleeping          |     7 |    16 |     6 ||    29
 Armour: Robe              |    13 |    12 |    29 ||    54
  Dodge: Dodged            |    37 |    72 |   121 ||   230

Table legend: (Time is in decaauts)
 A = Elapsed time spent in this place.
 B = Non-inter-level travel time spent in this place.
 C = Inter-level travel time spent in this place.
 D = Time resting spent in this place.
 E = Time spent auto-exploring this place.
 F = Levels seen in this place.
 G = Mean time per level.
                   A        B        C        D        E       F      G
               +--------+--------+--------+--------+--------+-----+--------+
         Total |   6046 |   5916 |    130 |    821 |   3345 |  10 |  604.6 |
       Dungeon |   4932 |   4821 |    111 |    538 |   3089 |   7 |  704.6 |
        Temple |    123 |    104 |     19 |      0 |     89 |   1 |  123.0 |
         Sewer |    333 |    333 |      0 |     43 |     79 |   1 |  333.0 |
        Bailey |    657 |    657 |      0 |    240 |     87 |   1 |  657.0 |
               +--------+--------+--------+--------+--------+-----+--------+

Top non-repeatable levels by time:
     D:4: 1476 daAuts
     D:3: 921 daAuts
     D:5: 870 daAuts
     D:1: 796 daAuts
  Bailey: 657 daAuts
     D:2: 560 daAuts
   Sewer: 333 daAuts
     D:6: 205 daAuts
  Temple: 123 daAuts
     D:7: 101 daAuts
